 Dungeon Crawl Stone Soup version 0.28.0-45-g0d030f2227 (webtiles) character file.

Game seed: 9389942751783766262

56 zeratav the Digger (level 3, -1/21 HPs)
             Began as a Gargoyle Earth Elementalist on Apr 5, 2022.
             Slain by an orc wizard
             ... wielding a +0 dagger
              (3 damage)
             ... on level 3 of the Dungeon.
             The game lasted 00:04:33 (1808 turns).

zeratav the Digger (Gargoyle Earth Elementalist)    Turns: 1808, Time: 00:04:34

Health: -1/21      AC:  5    Str: 11    XL:     3   Next: 97%
Magic:  2/6        EV: 11    Int: 17    God:
Gold:   75         SH:  0    Dex: 10    Spells: 5/6 levels left

rFire   . . .      SeeInvis .   f - +0 short sword
rCold   . . .      Faith    .   (no shield)
rNeg    + . .      Spirit   .   b - +0 robe
rPois   ∞          Reflect  .   (no helmet)
rElec   +          Harm     .   (no cloak)
rCorr   .          Rampage  .   (no gloves)
Will    .....                   (no boots)
Stlth   +.........              (no amulet)
HPRegen 0.07/turn               (no ring)
MPRegen 0.10/turn               (no ring)

@: confused
A: sickness immunity, AC +3, negative energy resistance 1, electricity
resistance, torment resistance 1, petrification resistance
a: no special abilities


You were on level 3 of the Dungeon.
You visited 1 branch of the dungeon, and saw 3 of its levels.

You collected 75 gold pieces.

Inventory:

Hand Weapons
 f - a +0 short sword (weapon)
Armour
 b - a +0 robe (worn)
Scrolls
 a - 3 scrolls of identify {unknown}
 d - a scroll of silence {unknown}
 j - a scroll of vulnerability {unknown}
 k - a scroll of brand weapon {unknown}
Potions
 e - a potion of magic {unknown}
 g - 2 potions of curing {unknown}
 h - a potion of brilliance {unknown}
 i - a potion of attraction {unknown}


   Skills:
 * Level 2.2 Fighting
 - Level 1.5 Dodging
 - Level 2.1 Stealth
 + Level 2.4 Spellcasting
 - Level 0.7 Transmutations
 * Level 4.6 Earth Magic


You had 5 spell levels left.
You knew the following spells:

 Your Spells              Type           Power      Damage    Failure   Level
a - Sandblast             Erth           34%        2d9       2%          1

Your spell library contained the following spells:

 Spells                   Type           Power      Damage    Failure   Level
 Passwall                 Tmut/Erth      9%         N/A       10%         2
 Sting                    Tmut/Pois      12%        1d3       16%         1
 Slow                     Hex            8%         N/A       19%         1
 Stone Arrow              Conj/Erth      18%        3d8       22%         3
 Poisonous Vapours        Pois/Air       4%         N/A       28%         2
 Ignite Poison            Fire/Tmut/Pois 2%         N/A       45%         3
 Mephitic Cloud           Conj/Pois/Air  2%         N/A       50%         3
 Petrify                  Tmut/Erth      11%        N/A       52%         4
 Olgreb's Toxic Radiance  Pois           2%         N/A       88%         4
 Freezing Cloud           Conj/Ice/Air   1%         6-21      99%         5


Dungeon Overview and Level Annotations

Branches:
Dungeon (3/15)

Altars:

Shops:
D:2 !


Innate Abilities, Weirdness & Mutations

You are immune to sickness and miasma.
Your stone body is resilient. (AC +3)
You are immune to poison.
You resist negative energy. (rN+)
You are resistant to electric shocks. (rElec)
You are resistant to unholy torment.
You are immune to petrification.


Message History

You hit something.
You hear some strange, mumbled words.
A puff of flame appears from out of thin air!
The puff of flame hits you!
You miss something.
You hear some strange, mumbled words.
You are confused.
You bump into the rock wall.
Something hits you but does no damage.
You bump into the rock wall.
Something hits you.
You're too confused to move!
Something hits you.
You completely miss something. Something hits you but does no damage.
You bump into the rock wall.
Something hits you but does no damage.
You are too injured to fight recklessly!
You bump into the rock wall.
You feel less confused. Something hits you.
* * * LOW HITPOINT WARNING * * *
You closely miss something. Your punch misses something.
Something barely misses you.
You closely miss something. Something hits you but does no damage.
You closely miss something. Something hits you but does no damage.
You closely miss something.
You hear some strange, mumbled words.
Something tries to affect you, but you resist.
You barely miss something. Something hits you.
* * * LOW HITPOINT WARNING * * *
You barely miss something. Something hits you.
* * * LOW HITPOINT WARNING * * *
You hear some strange, mumbled words.
You are confused.
Press: ? - help, v - describe, . - travel The floor.
You're too confused to cast spells.
Sorry, you're not good enough to have a special ability.
You completely miss something. Something hits you.
* * * LOW HITPOINT WARNING * * *
You're too confused to cast spells.
Sorry, you're not good enough to have a special ability.
You closely miss something. Something hits you.
You die...

....... #. .......#### #.
...r....#.# #.
........#.####.# #.
........)......# #.
........#g###### #.
........#.# #.
........#.#################.
........#.{@................
############################


There were no monsters in sight!

Vanquished Creatures
  2 adders (D:2)
  A worm (D:2)
  2 orcs (D:3)
  2 endoplasms (D:2)
  2 giant cockroaches
  3 goblins
  4 hobgoblins
  2 quokkas
  3 ball pythons (D:2)
  3 bats
  A frilled lizard (D:2)
  5 kobolds
  2 rats (D:2)
32 creatures vanquished.

Notes
Turn   | Place    | Note
-------+----------+-------------------------------------------
     0 | D:1      | zeratav the Gargoyle Earth Elementalist began the quest for
                  | the Orb.
     0 | D:1      | Reached XP level 1. HP: 10/10 MP: 3/3
   462 | D:1      | Reached XP level 2. HP: 16/16 MP: 3/5
   536 | D:1      | Reached skill level 1 in Fighting
   664 | D:1      | Reached skill level 4 in Earth Magic
  1028 | D:2      | Found a faded altar of an unknown god.
  1034 | D:2      | Reached XP level 3. HP: 20/20 MP: 1/6
  1044 | D:2      | Got Plato's Catalogue of Execration
  1578 | D:2      | Found Cecrel's Distillery.
  1808 | D:3      | Slain by an orc wizard

Illustrated notes

Levels and vault maps discovered:
D:1:      co_arrival_random_square_maze, layout_basic
D:2:      layout_rooms, shapermc_ecumenical_altar_rom_forum, serial_shops,
          nicolae_diamond_shop
D:3:      layout_basic, serial_shops, nicolae_shop_trees,
          minmay_misc_feat_roman, uniq_crazy_yiuf_cottage

Skill      XL: |  1  2  3 |
---------------+----------+-----
Fighting       | 1 2 |  2.2
Earth Magic    | 4 |  4.6
Dodging        | |  1.5
Stealth        | |  2.1
Spellcasting   | |  2.4
Transmutations | |  0.7

Action                   || total
-------------------------++-------
Melee: Unarmed           ||     7
       Short sword       ||    34
 Cast: Sandblast         ||    33
 Stab: Sleeping          ||     3
Armor: Robe              ||    17
Dodge: Dodged            ||    19
